 Dungeon Crawl Stone Soup version 0.20.1-1-g8b1a95d (webtiles) character file.

529 vineage the Slasher (level 7, -5/54 HPs)
             Began as a Demonspawn Fighter on Oct 11, 2017.
             Killed by divine providence
             ... invoked by an orc priest
              (12 damage)
             ... on level 5 of the Dungeon.
             The game lasted 00:05:33 (3309 turns).

vineage the Slasher (Demonspawn Fighter)            Turns: 3309, Time: 00:05:33

Health: -5/54      AC:  9    Str: 18    XL:     7   Next: 3%
Magic:  7/7        EV:  8    Int: 10    God:
Gold:   205        SH:  9    Dex: 16    Spells: 6/6 levels left

rFire    . . .     SeeInvis +   a - +0 long sword
rCold    . . .     Gourm    .   c - +0 shield
rNeg     . . .     Faith    .   b - +0 scale mail
rPois    .         Spirit   .   m - +0 helmet (curse)
rElec    .         Reflect  .   (no cloak)
rCorr    +         Harm     .   (no gloves)
MR       .....                  C - +0 pair of boots (curse)
Stlth    ++........             (no amulet)
Regen    0.2/turn               g - ring of resist corrosion
MPRegen  0.1/turn               u - ring of see invisible

@: lethally poisoned (-5 -> -9)
A: talons 1, thin skeletal structure 2, nightstalker 1
a: no special abilities


You were on level 5 of the Dungeon.
You were hungry.

You visited 1 branch of the dungeon, and saw 5 of its levels.

You collected 205 gold pieces.

Inventory:

Hand Weapons
 a - a +0 long sword (weapon)
Armour
 b - a +0 scale mail (worn)
 c - a +0 shield (worn)
 m - a cursed +0 helmet (worn)
 C - a cursed +0 pair of boots (worn)
Jewellery
 g - a ring of resist corrosion (left hand)
 k - an uncursed ring of resist corrosion
 u - a ring of see invisible (right hand)
 w - an uncursed ring of wizardry
Wands
 A - a wand of paralysis (10/24)
Scrolls
 h - 6 scrolls of remove curse {unknown}
 j - 3 scrolls of amnesia {unknown}
 n - 2 scrolls of recharging {unknown}
 p - 2 scrolls of identify {unknown}
 q - 4 scrolls of teleportation {unknown}
 y - 2 scrolls of enchant armour {unknown}
 D - a scroll of fog {unknown}
Potions
 d - a potion of might
 e - 4 potions of curing {unknown}
 i - a potion of brilliance {unknown}
 l - 2 potions of heal wounds {unknown}
 o - a potion of cancellation {unknown}
 r - 2 potions of lignification {unknown}
 s - a potion of magic {unknown}
 x - 3 potions of haste {unknown}
Books
 B - a book of Frost

   Spells                             Type                      Level
   a - Freeze                         Ice                          1
   b - Throw Frost                    Conjuration/Ice              2
   c - Ozocubu's Armour               Charms/Ice                   3
   d - Throw Icicle                   Conjuration/Ice              4
   e - Summon Ice Beast               Ice/Summoning                4
Comestibles
 f - 5 bread rations
 t - 2 meat rations
 v - 3 fruits
 z - 2 royal jellies


   Skills:
 + Level 4.1 Fighting
 + Level 4.4 Long Blades
 - Level 3.8 Armour
 - Level 1.6 Dodging
 - Level 1.0 Stealth
 - Level 3.9 Shields


You had 6 spell levels left.
You didn't know any spells.

Dungeon Overview and Level Annotations

Branches:
Dungeon (5/15)             Temple (0/1) D:4

Altars:


Innate Abilities, Weirdness & Mutations

You have sharp toenails.
You have a moderately thin skeletal structure. (Dex +4, Stealth+)
You are slightly more attuned to the shadows.


Message History

You kill the orc!
You block the orc priest's attack.
You closely miss the orc priest.
The orc priest hits you but does no damage.
You are poisoned.
The ogre hits you with a giant spiked club.
You hit the orc priest.
The orc priest is moderately wounded.
You feel sick. You block the orc priest's attack. The orc hits you.
You barely miss the orc priest.
The orc priest is moderately wounded.
You feel sick.
The ogre hits you with a giant spiked club!!
* * * LOW HITPOINT WARNING * * *
You block the orc priest's attack.
The worker ant zombie bites you but does no damage.
You block the orc's attack.
The orc priest calls down the wrath of Beogh upon you.
Beogh smites you!
You die...

.....+............# #..
.....#....(.......# #..
#####.............# .. #..
#.....##......# ... #..
#######...(...#.... #..
#.#######.... #..
#........... #.. #......oW#
### .######.....@O.#
...........oZ..#
...............#
...............############
..........................###
.......####'###..............
#......# ... #..............
#......# #...[..|.......
#......# #..............


You could see a phantom, an ogre, an orc priest, an orc and a worker ant zombie.

Vanquished Creatures
  The ghost of vineage the Slasher, an amateur DsFi (D:3)
  2 scorpions (D:3)
  2 crimson imps
  2 hounds
  An iguana (D:5)
  Terence (D:2)
  Robin (D:2)
  4 adders
  A shadow imp (D:5)
  3 oozes
  A dart slug (D:3)
  3 leopard geckos
  8 orcs
  A ball python (D:2)
  5 giant cockroaches
  12 goblins
  9 hobgoblins
  8 jackals
  4 quokkas
  6 bats
  7 frilled lizards
  2 kobolds
  2 quokka zombies (D:5)
  10 rats
96 creatures vanquished.

Notes
Turn   | Place    | Note
-------+----------+-------------------------------------------
     0 | D:1      | vineage the Demonspawn Fighter began the quest for the Orb.
     0 | D:1      | Reached XP level 1. HP: 18/18 MP: 1/1
    87 | D:1      | Gained mutation: You have a somewhat thin skeletal structure. (Dex +2, Stealth) [demonic ancestry]
    87 | D:1      | Reached XP level 2. HP: 18/24 MP: 2/2
   429 | D:1      | Gained mutation: You have a moderately thin skeletal structure. (Dex +4, Stealth+) [demonic ancestry]
   429 | D:1      | Reached XP level 3. HP: 29/29 MP: 3/3
   574 | D:2      | Found a faded altar of an unknown god.
   778 | D:2      | Noticed Robin
   796 | D:2      | Killed Robin
   796 | D:2      | Reached XP level 4. HP: 23/35 MP: 4/4
   840 | D:2      | Noticed Terence
   858 | D:2      | Killed Terence
  1093 | D:3      | Noticed vineage's ghost (amateur DsFi)
  1119 | D:3      | Killed vineage's ghost
  1119 | D:3      | Reached skill level 1 in Dodging
  1119 | D:3      | Gained mutation: You are slightly more attuned to the shadows. [demonic ancestry]
  1119 | D:3      | Reached XP level 5. HP: 13/42 MP: 5/5
  1619 | D:3      | Reached XP level 6. HP: 22/48 MP: 6/6
  2371 | D:4      | Found a staircase to the Ecumenical Temple.
  2570 | D:5      | Entered Level 5 of the Dungeon
  2734 | D:5      | Reached skill level 1 in Stealth
  3277 | D:5      | Gained mutation: You have sharp toenails. [demonic ancestry]
  3277 | D:5      | Reached XP level 7. HP: 45/54 MP: 7/7
  3309 | D:5      | Killed from afar by an orc priest

Skill      XL: |  1  2  3  4  5  6 |
---------------+-------------------+-----
Armour         | 3 |  3.8
Long Blades    | 2 3 4 |  4.4
Shields        | 3 |  3.9
Dodging        | 1 |  1.6
Fighting       | 4 |  4.1
Stealth        | 1 |  1.0

Action                   |  1- 3 |  4- 6 |  7- 9 || total
-------------------------+-------+-------+-------++-------
Melee: Long sword        |   143 |   230 |     6 ||   379
  Use: Potion            |       |     1 |       ||     1
 Stab: Sleeping          |       |     4 |       ||     4
       Distracted        |       |     1 |       ||     1
  Eat: Chunk             |       |     6 |       ||     6
       Royal jelly       |       |     1 |       ||     1
Armor: Scale mail        |    79 |   109 |     3 ||   191
Dodge: Dodged            |    62 |    87 |       ||   149
Block: Shield            |    77 |   130 |     5 ||   212
       Rpst.: Long sword |    23 |    28 |       ||    51
